Workbook
Name ProductInterestList: 'Lists'!$E$2:$E$11
Name LeadSourceList: 'Lists'!$F$2:$F$8
Name OwnerList: 'Lists'!$G$2:$G$5
Name StageList: 'Lists'!$H$2:$H$7
Name NextActionList: 'Lists'!$I$2:$I$9
Name OutcomeList: 'Lists'!$J$2:$J$8
Name LostReasonList: 'Lists'!$K$2:$K$8

Sheet Summary
A1: Insurance Lead Tracker
A2: Report Date (edit on Lists) | B2: =Lists!$B$2
A3: All follow-up timing uses the report date and editable assumptions on the Lists sheet.
A4: Key Indicator | B4: Value | D4: Stage | E4: Lead Count | G4: Lead Source | H4: Total Leads | I4: Closed-Won | K4: Owner | L4: Open Leads | M4: Overdue
A5: Total leads | B5: =COUNTIF(Leads!$A$2:$A$201,"<>") | D5: New | E5: =COUNTIF(Leads!$G$2:$G$201,D5) | G5: Agency Website | H5: =COUNTIF(Leads!$E$2:$E$201,G5) | I5: =COUNTIFS(Leads!$E$2:$E$201,G5,Leads!$G$2:$G$201,"Closed - Won") | K5: Sales Rep A | L5: =COUNTIFS(Leads!$F$2:$F$201,K5,Leads!$G$2:$G$201,"<>Closed - Won",Leads!$G$2:$G$201,"<>Closed - Lost") | M5: =COUNTIFS(Leads!$F$2:$F$201,K5,Leads!$P$2:$P$201,"Overdue")
A6: Open leads | B6: =COUNTIFS(Leads!$A$2:$A$201,"<>",Leads!$G$2:$G$201,"<>Closed - Won",Leads!$G$2:$G$201,"<>Closed - Lost") | D6: Contacted | E6: =COUNTIF(Leads!$G$2:$G$201,D6) | G6: Referral | H6: =COUNTIF(Leads!$E$2:$E$201,G6) | I6: =COUNTIFS(Leads!$E$2:$E$201,G6,Leads!$G$2:$G$201,"Closed - Won") | K6: Sales Rep B | L6: =COUNTIFS(Leads!$F$2:$F$201,K6,Leads!$G$2:$G$201,"<>Closed - Won",Leads!$G$2:$G$201,"<>Closed - Lost") | M6: =COUNTIFS(Leads!$F$2:$F$201,K6,Leads!$P$2:$P$201,"Overdue")
A7: Overdue follow-ups | B7: =COUNTIF(Leads!$P$2:$P$201,"Overdue") | D7: Qualified | E7: =COUNTIF(Leads!$G$2:$G$201,D7) | G7: Inbound Call | H7: =COUNTIF(Leads!$E$2:$E$201,G7) | I7: =COUNTIFS(Leads!$E$2:$E$201,G7,Leads!$G$2:$G$201,"Closed - Won") | K7: Sales Rep C | L7: =COUNTIFS(Leads!$F$2:$F$201,K7,Leads!$G$2:$G$201,"<>Closed - Won",Leads!$G$2:$G$201,"<>Closed - Lost") | M7: =COUNTIFS(Leads!$F$2:$F$201,K7,Leads!$P$2:$P$201,"Overdue")
A8: Follow-ups due soon | B8: =COUNTIF(Leads!$P$2:$P$201,"Due soon") | D8: Quote Requested | E8: =COUNTIF(Leads!$G$2:$G$201,D8) | G8: Social Media | H8: =COUNTIF(Leads!$E$2:$E$201,G8) | I8: =COUNTIFS(Leads!$E$2:$E$201,G8,Leads!$G$2:$G$201,"Closed - Won") | K8: Unassigned | L8: =COUNTIFS(Leads!$F$2:$F$201,K8,Leads!$G$2:$G$201,"<>Closed - Won",Leads!$G$2:$G$201,"<>Closed - Lost") | M8: =COUNTIFS(Leads!$F$2:$F$201,K8,Leads!$P$2:$P$201,"Overdue")
A9: Leads missing a next action | B9: =COUNTIF(Leads!$P$2:$P$201,"Missing next action") | D9: Closed - Won | E9: =COUNTIF(Leads!$G$2:$G$201,D9) | G9: Community Event | H9: =COUNTIF(Leads!$E$2:$E$201,G9) | I9: =COUNTIFS(Leads!$E$2:$E$201,G9,Leads!$G$2:$G$201,"Closed - Won")
A10: Closed-won leads | B10: =COUNTIF(Leads!$G$2:$G$201,"Closed - Won") | D10: Closed - Lost | E10: =COUNTIF(Leads!$G$2:$G$201,D10) | G10: Partner Referral | H10: =COUNTIF(Leads!$E$2:$E$201,G10) | I10: =COUNTIFS(Leads!$E$2:$E$201,G10,Leads!$G$2:$G$201,"Closed - Won")
A11: Closed-lost leads | B11: =COUNTIF(Leads!$G$2:$G$201,"Closed - Lost") | G11: Other | H11: =COUNTIF(Leads!$E$2:$E$201,G11) | I11: =COUNTIFS(Leads!$E$2:$E$201,G11,Leads!$G$2:$G$201,"Closed - Won")
A12: Close rate | B12: =IFERROR(B10/(B10+B11),"")
A14: Administrative register only; this workbook does not send communications, collect payments, access carrier systems, perform comparative rating, bind coverage, or synchronize with an AMS or CRM.
A15: Product interest and outcome entries do not constitute coverage recommendations or binding activity.

Sheet Leads
A1: Lead ID | B1: Date Added | C1: Lead Name | D1: Product Interest | E1: Lead Source | F1: Owner | G1: Stage | H1: Last Contact Date | I1: Next Action Date | J1: Next Action | K1: Outcome Date | L1: Outcome | M1: Lost Reason | N1: Lead Age Days | O1: Days Since Contact | P1: Follow-up Status | Q1: Contact Status | R1: Required Fields Alert | S1: Date and Outcome Alert | T1: Notes
A2: LT-0001 | B2: 46265 | C2: Fictional Household Aspen | D2: Personal Auto | E2: Agency Website | F2: Sales Rep A | G2: New | I2: 46273 | J2: Initial Call | N2: =IF(OR($A2="",$B2="",$B2>Lists!$B$2),"",Lists!$B$2-$B2) | O2: =IF(OR($A2="",$H2="",$H2>Lists!$B$2),"",Lists!$B$2-$H2) | P2: =IF($A2="","",IF(OR($G2="Closed - Won",$G2="Closed - Lost"),"Closed",IF(OR($I2="",$J2=""),"Missing next action",IF($I2<Lists!$B$2,"Overdue",IF($I2<=Lists!$B$2+Lists!$B$4,"Due soon","Scheduled"))))) | Q2: =IF($A2="","",IF(OR($G2="Closed - Won",$G2="Closed - Lost"),"Closed",IF($H2="","No contact recorded",IF($H2>Lists!$B$2,"Check date",IF($O2>Lists!$B$3,"Stale","Current"))))) | R2: =IF($A2="","",IF($B2="","Missing date added",IF($C2="","Missing lead name",IF($D2="","Missing product interest",IF($E2="","Missing lead source",IF($F2="","Missing owner",IF($G2="","Missing stage",IF(COUNTIF($A$2:$A$201,$A2)>1,"Duplicate Lead ID","")))))))) | S2: =IF($A2="","",IF($B2>Lists!$B$2,"Date added is after report date",IF(AND($H2<>"",$B2<>"",$H2<$B2),"Last contact is before date added",IF($H2>Lists!$B$2,"Last contact is after report date",IF(AND($I2<>"",$B2<>"",$I2<$B2),"Next action is before date added",IF(AND($K2<>"",$B2<>"",$K2<$B2),"Outcome date is before date added",IF($K2>Lists!$B$2,"Outcome date is after report date",IF(AND(OR($G2="Closed - Won",$G2="Closed - Lost"),$K2=""),"Closed lead needs outcome date",IF(AND(OR($G2="Closed - Won",$G2="Closed - Lost"),$L2=""),"Closed lead needs outcome",IF(AND($G2="Closed - Lost",$M2=""),"Closed-lost lead needs lost reason",IF(AND($G2<>"Closed - Won",$G2<>"Closed - Lost",OR($K2<>"",$L2<>"",$M2<>"")),"Open lead has outcome data",""))))))))))) | T2: Website form received; initial call is pending.
A3: LT-0002 | B3: 46266 | C3: Fictional Retail Beacon | D3: Business Owners Policy | E3: Referral | F3: Sales Rep B | G3: Contacted | H3: 46267 | I3: 46275 | J3: Follow-up Call | N3: =IF(OR($A3="",$B3="",$B3>Lists!$B$2),"",Lists!$B$2-$B3) | O3: =IF(OR($A3="",$H3="",$H3>Lists!$B$2),"",Lists!$B$2-$H3) | P3: =IF($A3="","",IF(OR($G3="Closed - Won",$G3="Closed - Lost"),"Closed",IF(OR($I3="",$J3=""),"Missing next action",IF($I3<Lists!$B$2,"Overdue",IF($I3<=Lists!$B$2+Lists!$B$4,"Due soon","Scheduled"))))) | Q3: =IF($A3="","",IF(OR($G3="Closed - Won",$G3="Closed - Lost"),"Closed",IF($H3="","No contact recorded",IF($H3>Lists!$B$2,"Check date",IF($O3>Lists!$B$3,"Stale","Current"))))) | R3: =IF($A3="","",IF($B3="","Missing date added",IF($C3="","Missing lead name",IF($D3="","Missing product interest",IF($E3="","Missing lead source",IF($F3="","Missing owner",IF($G3="","Missing stage",IF(COUNTIF($A$2:$A$201,$A3)>1,"Duplicate Lead ID","")))))))) | S3: =IF($A3="","",IF($B3>Lists!$B$2,"Date added is after report date",IF(AND($H3<>"",$B3<>"",$H3<$B3),"Last contact is before date added",IF($H3>Lists!$B$2,"Last contact is after report date",IF(AND($I3<>"",$B3<>"",$I3<$B3),"Next action is before date added",IF(AND($K3<>"",$B3<>"",$K3<$B3),"Outcome date is before date added",IF($K3>Lists!$B$2,"Outcome date is after report date",IF(AND(OR($G3="Closed - Won",$G3="Closed - Lost"),$K3=""),"Closed lead needs outcome date",IF(AND(OR($G3="Closed - Won",$G3="Closed - Lost"),$L3=""),"Closed lead needs outcome",IF(AND($G3="Closed - Lost",$M3=""),"Closed-lost lead needs lost reason",IF(AND($G3<>"Closed - Won",$G3<>"Closed - Lost",OR($K3<>"",$L3<>"",$M3<>"")),"Open lead has outcome data",""))))))))))) | T3: Follow-up requested after an internal inventory review.
A4: LT-0003 | B4: 46254 | C4: Fictional Household Cedar | D4: Homeowners | E4: Inbound Call | F4: Sales Rep A | G4: Qualified | H4: 46259 | I4: 46280 | J4: Collect Information | N4: =IF(OR($A4="",$B4="",$B4>Lists!$B$2),"",Lists!$B$2-$B4) | O4: =IF(OR($A4="",$H4="",$H4>Lists!$B$2),"",Lists!$B$2-$H4) | P4: =IF($A4="","",IF(OR($G4="Closed - Won",$G4="Closed - Lost"),"Closed",IF(OR($I4="",$J4=""),"Missing next action",IF($I4<Lists!$B$2,"Overdue",IF($I4<=Lists!$B$2+Lists!$B$4,"Due soon","Scheduled"))))) | Q4: =IF($A4="","",IF(OR($G4="Closed - Won",$G4="Closed - Lost"),"Closed",IF($H4="","No contact recorded",IF($H4>Lists!$B$2,"Check date",IF($O4>Lists!$B$3,"Stale","Current"))))) | R4: =IF($A4="","",IF($B4="","Missing date added",IF($C4="","Missing lead name",IF($D4="","Missing product interest",IF($E4="","Missing lead source",IF($F4="","Missing owner",IF($G4="","Missing stage",IF(COUNTIF($A$2:$A$201,$A4)>1,"Duplicate Lead ID","")))))))) | S4: =IF($A4="","",IF($B4>Lists!$B$2,"Date added is after report date",IF(AND($H4<>"",$B4<>"",$H4<$B4),"Last contact is before date added",IF($H4>Lists!$B$2,"Last contact is after report date",IF(AND($I4<>"",$B4<>"",$I4<$B4),"Next action is before date added",IF(AND($K4<>"",$B4<>"",$K4<$B4),"Outcome date is before date added",IF($K4>Lists!$B$2,"Outcome date is after report date",IF(AND(OR($G4="Closed - Won",$G4="Closed - Lost"),$K4=""),"Closed lead needs outcome date",IF(AND(OR($G4="Closed - Won",$G4="Closed - Lost"),$L4=""),"Closed lead needs outcome",IF(AND($G4="Closed - Lost",$M4=""),"Closed-lost lead needs lost reason",IF(AND($G4<>"Closed - Won",$G4<>"Closed - Lost",OR($K4<>"",$L4<>"",$M4<>"")),"Open lead has outcome data",""))))))))))) | T4: Administrative information collection remains open.
A5: LT-0004 | B5: 46272 | C5: Fictional Studio Delta | D5: Commercial General Liability | E5: Social Media | F5: Sales Rep C | G5: Quote Requested | H5: 46273 | I5: 46274 | J5: Review Quote | N5: =IF(OR($A5="",$B5="",$B5>Lists!$B$2),"",Lists!$B$2-$B5) | O5: =IF(OR($A5="",$H5="",$H5>Lists!$B$2),"",Lists!$B$2-$H5) | P5: =IF($A5="","",IF(OR($G5="Closed - Won",$G5="Closed - Lost"),"Closed",IF(OR($I5="",$J5=""),"Missing next action",IF($I5<Lists!$B$2,"Overdue",IF($I5<=Lists!$B$2+Lists!$B$4,"Due soon","Scheduled"))))) | Q5: =IF($A5="","",IF(OR($G5="Closed - Won",$G5="Closed - Lost"),"Closed",IF($H5="","No contact recorded",IF($H5>Lists!$B$2,"Check date",IF($O5>Lists!$B$3,"Stale","Current"))))) | R5: =IF($A5="","",IF($B5="","Missing date added",IF($C5="","Missing lead name",IF($D5="","Missing product interest",IF($E5="","Missing lead source",IF($F5="","Missing owner",IF($G5="","Missing stage",IF(COUNTIF($A$2:$A$201,$A5)>1,"Duplicate Lead ID","")))))))) | S5: =IF($A5="","",IF($B5>Lists!$B$2,"Date added is after report date",IF(AND($H5<>"",$B5<>"",$H5<$B5),"Last contact is before date added",IF($H5>Lists!$B$2,"Last contact is after report date",IF(AND($I5<>"",$B5<>"",$I5<$B5),"Next action is before date added",IF(AND($K5<>"",$B5<>"",$K5<$B5),"Outcome date is before date added",IF($K5>Lists!$B$2,"Outcome date is after report date",IF(AND(OR($G5="Closed - Won",$G5="Closed - Lost"),$K5=""),"Closed lead needs outcome date",IF(AND(OR($G5="Closed - Won",$G5="Closed - Lost"),$L5=""),"Closed lead needs outcome",IF(AND($G5="Closed - Lost",$M5=""),"Closed-lost lead needs lost reason",IF(AND($G5<>"Closed - Won",$G5<>"Closed - Lost",OR($K5<>"",$L5<>"",$M5<>"")),"Open lead has outcome data",""))))))))))) | T5: Quote review follow-up is recorded for the report date.
A6: LT-0005 | B6: 46235 | C6: Fictional Household Elm | D6: Umbrella | E6: Referral | F6: Sales Rep B | G6: Closed - Won | H6: 46239 | K6: 46240 | L6: Policy Placed | N6: =IF(OR($A6="",$B6="",$B6>Lists!$B$2),"",Lists!$B$2-$B6) | O6: =IF(OR($A6="",$H6="",$H6>Lists!$B$2),"",Lists!$B$2-$H6) | P6: =IF($A6="","",IF(OR($G6="Closed - Won",$G6="Closed - Lost"),"Closed",IF(OR($I6="",$J6=""),"Missing next action",IF($I6<Lists!$B$2,"Overdue",IF($I6<=Lists!$B$2+Lists!$B$4,"Due soon","Scheduled"))))) | Q6: =IF($A6="","",IF(OR($G6="Closed - Won",$G6="Closed - Lost"),"Closed",IF($H6="","No contact recorded",IF($H6>Lists!$B$2,"Check date",IF($O6>Lists!$B$3,"Stale","Current"))))) | R6: =IF($A6="","",IF($B6="","Missing date added",IF($C6="","Missing lead name",IF($D6="","Missing product interest",IF($E6="","Missing lead source",IF($F6="","Missing owner",IF($G6="","Missing stage",IF(COUNTIF($A$2:$A$201,$A6)>1,"Duplicate Lead ID","")))))))) | S6: =IF($A6="","",IF($B6>Lists!$B$2,"Date added is after report date",IF(AND($H6<>"",$B6<>"",$H6<$B6),"Last contact is before date added",IF($H6>Lists!$B$2,"Last contact is after report date",IF(AND($I6<>"",$B6<>"",$I6<$B6),"Next action is before date added",IF(AND($K6<>"",$B6<>"",$K6<$B6),"Outcome date is before date added",IF($K6>Lists!$B$2,"Outcome date is after report date",IF(AND(OR($G6="Closed - Won",$G6="Closed - Lost"),$K6=""),"Closed lead needs outcome date",IF(AND(OR($G6="Closed - Won",$G6="Closed - Lost"),$L6=""),"Closed lead needs outcome",IF(AND($G6="Closed - Lost",$M6=""),"Closed-lost lead needs lost reason",IF(AND($G6<>"Closed - Won",$G6<>"Closed - Lost",OR($K6<>"",$L6<>"",$M6<>"")),"Open lead has outcome data",""))))))))))) | T6: Closed outcome entered for this fictional record.
A7: LT-0006 | B7: 46218 | C7: Fictional Cafe Fable | D7: Workers' Compensation | E7: Community Event | F7: Sales Rep C | G7: Closed - Lost | H7: 46223 | K7: 46232 | L7: Not Placed | M7: Chose Another Agency | N7: =IF(OR($A7="",$B7="",$B7>Lists!$B$2),"",Lists!$B$2-$B7) | O7: =IF(OR($A7="",$H7="",$H7>Lists!$B$2),"",Lists!$B$2-$H7) | P7: =IF($A7="","",IF(OR($G7="Closed - Won",$G7="Closed - Lost"),"Closed",IF(OR($I7="",$J7=""),"Missing next action",IF($I7<Lists!$B$2,"Overdue",IF($I7<=Lists!$B$2+Lists!$B$4,"Due soon","Scheduled"))))) | Q7: =IF($A7="","",IF(OR($G7="Closed - Won",$G7="Closed - Lost"),"Closed",IF($H7="","No contact recorded",IF($H7>Lists!$B$2,"Check date",IF($O7>Lists!$B$3,"Stale","Current"))))) | R7: =IF($A7="","",IF($B7="","Missing date added",IF($C7="","Missing lead name",IF($D7="","Missing product interest",IF($E7="","Missing lead source",IF($F7="","Missing owner",IF($G7="","Missing stage",IF(COUNTIF($A$2:$A$201,$A7)>1,"Duplicate Lead ID","")))))))) | S7: =IF($A7="","",IF($B7>Lists!$B$2,"Date added is after report date",IF(AND($H7<>"",$B7<>"",$H7<$B7),"Last contact is before date added",IF($H7>Lists!$B$2,"Last contact is after report date",IF(AND($I7<>"",$B7<>"",$I7<$B7),"Next action is before date added",IF(AND($K7<>"",$B7<>"",$K7<$B7),"Outcome date is before date added",IF($K7>Lists!$B$2,"Outcome date is after report date",IF(AND(OR($G7="Closed - Won",$G7="Closed - Lost"),$K7=""),"Closed lead needs outcome date",IF(AND(OR($G7="Closed - Won",$G7="Closed - Lost"),$L7=""),"Closed lead needs outcome",IF(AND($G7="Closed - Lost",$M7=""),"Closed-lost lead needs lost reason",IF(AND($G7<>"Closed - Won",$G7<>"Closed - Lost",OR($K7<>"",$L7<>"",$M7<>"")),"Open lead has outcome data",""))))))))))) | T7: Closed-lost outcome entered for this fictional record.
A8: LT-0007 | B8: 46274 | C8: Fictional Household Grove | D8: Renters | E8: Inbound Call | F8: Unassigned | G8: New | N8: =IF(OR($A8="",$B8="",$B8>Lists!$B$2),"",Lists!$B$2-$B8) | O8: =IF(OR($A8="",$H8="",$H8>Lists!$B$2),"",Lists!$B$2-$H8) | P8: =IF($A8="","",IF(OR($G8="Closed - Won",$G8="Closed - Lost"),"Closed",IF(OR($I8="",$J8=""),"Missing next action",IF($I8<Lists!$B$2,"Overdue",IF($I8<=Lists!$B$2+Lists!$B$4,"Due soon","Scheduled"))))) | Q8: =IF($A8="","",IF(OR($G8="Closed - Won",$G8="Closed - Lost"),"Closed",IF($H8="","No contact recorded",IF($H8>Lists!$B$2,"Check date",IF($O8>Lists!$B$3,"Stale","Current"))))) | R8: =IF($A8="","",IF($B8="","Missing date added",IF($C8="","Missing lead name",IF($D8="","Missing product interest",IF($E8="","Missing lead source",IF($F8="","Missing owner",IF($G8="","Missing stage",IF(COUNTIF($A$2:$A$201,$A8)>1,"Duplicate Lead ID","")))))))) | S8: =IF($A8="","",IF($B8>Lists!$B$2,"Date added is after report date",IF(AND($H8<>"",$B8<>"",$H8<$B8),"Last contact is before date added",IF($H8>Lists!$B$2,"Last contact is after report date",IF(AND($I8<>"",$B8<>"",$I8<$B8),"Next action is before date added",IF(AND($K8<>"",$B8<>"",$K8<$B8),"Outcome date is before date added",IF($K8>Lists!$B$2,"Outcome date is after report date",IF(AND(OR($G8="Closed - Won",$G8="Closed - Lost"),$K8=""),"Closed lead needs outcome date",IF(AND(OR($G8="Closed - Won",$G8="Closed - Lost"),$L8=""),"Closed lead needs outcome",IF(AND($G8="Closed - Lost",$M8=""),"Closed-lost lead needs lost reason",IF(AND($G8<>"Closed - Won",$G8<>"Closed - Lost",OR($K8<>"",$L8<>"",$M8<>"")),"Open lead has outcome data",""))))))))))) | T8: New record awaiting assignment and a next action.
A9: LT-0008 | B9: 46262 | C9: Fictional Services Harbor | D9: Commercial General Liability | E9: Partner Referral | F9: Sales Rep A | G9: Contacted | H9: 46266 | I9: 46277 | J9: Collect Information | N9: =IF(OR($A9="",$B9="",$B9>Lists!$B$2),"",Lists!$B$2-$B9) | O9: =IF(OR($A9="",$H9="",$H9>Lists!$B$2),"",Lists!$B$2-$H9) | P9: =IF($A9="","",IF(OR($G9="Closed - Won",$G9="Closed - Lost"),"Closed",IF(OR($I9="",$J9=""),"Missing next action",IF($I9<Lists!$B$2,"Overdue",IF($I9<=Lists!$B$2+Lists!$B$4,"Due soon","Scheduled"))))) | Q9: =IF($A9="","",IF(OR($G9="Closed - Won",$G9="Closed - Lost"),"Closed",IF($H9="","No contact recorded",IF($H9>Lists!$B$2,"Check date",IF($O9>Lists!$B$3,"Stale","Current"))))) | R9: =IF($A9="","",IF($B9="","Missing date added",IF($C9="","Missing lead name",IF($D9="","Missing product interest",IF($E9="","Missing lead source",IF($F9="","Missing owner",IF($G9="","Missing stage",IF(COUNTIF($A$2:$A$201,$A9)>1,"Duplicate Lead ID","")))))))) | S9: =IF($A9="","",IF($B9>Lists!$B$2,"Date added is after report date",IF(AND($H9<>"",$B9<>"",$H9<$B9),"Last contact is before date added",IF($H9>Lists!$B$2,"Last contact is after report date",IF(AND($I9<>"",$B9<>"",$I9<$B9),"Next action is before date added",IF(AND($K9<>"",$B9<>"",$K9<$B9),"Outcome date is before date added",IF($K9>Lists!$B$2,"Outcome date is after report date",IF(AND(OR($G9="Closed - Won",$G9="Closed - Lost"),$K9=""),"Closed lead needs outcome date",IF(AND(OR($G9="Closed - Won",$G9="Closed - Lost"),$L9=""),"Closed lead needs outcome",IF(AND($G9="Closed - Lost",$M9=""),"Closed-lost lead needs lost reason",IF(AND($G9<>"Closed - Won",$G9<>"Closed - Lost",OR($K9<>"",$L9<>"",$M9<>"")),"Open lead has outcome data",""))))))))))) | T9: Partner referral information is being collected.
A10: LT-0009 | B10: 46244 | C10: Fictional Household Indigo | D10: Life | E10: Other | F10: Sales Rep B | G10: Qualified | H10: 46254 | I10: 46266 | J10: Follow-up Call | N10: =IF(OR($A10="",$B10="",$B10>Lists!$B$2),"",Lists!$B$2-$B10) | O10: =IF(OR($A10="",$H10="",$H10>Lists!$B$2),"",Lists!$B$2-$H10) | P10: =IF($A10="","",IF(OR($G10="Closed - Won",$G10="Closed - Lost"),"Closed",IF(OR($I10="",$J10=""),"Missing next action",IF($I10<Lists!$B$2,"Overdue",IF($I10<=Lists!$B$2+Lists!$B$4,"Due soon","Scheduled"))))) | Q10: =IF($A10="","",IF(OR($G10="Closed - Won",$G10="Closed - Lost"),"Closed",IF($H10="","No contact recorded",IF($H10>Lists!$B$2,"Check date",IF($O10>Lists!$B$3,"Stale","Current"))))) | R10: =IF($A10="","",IF($B10="","Missing date added",IF($C10="","Missing lead name",IF($D10="","Missing product interest",IF($E10="","Missing lead source",IF($F10="","Missing owner",IF($G10="","Missing stage",IF(COUNTIF($A$2:$A$201,$A10)>1,"Duplicate Lead ID","")))))))) | S10: =IF($A10="","",IF($B10>Lists!$B$2,"Date added is after report date",IF(AND($H10<>"",$B10<>"",$H10<$B10),"Last contact is before date added",IF($H10>Lists!$B$2,"Last contact is after report date",IF(AND($I10<>"",$B10<>"",$I10<$B10),"Next action is before date added",IF(AND($K10<>"",$B10<>"",$K10<$B10),"Outcome date is before date added",IF($K10>Lists!$B$2,"Outcome date is after report date",IF(AND(OR($G10="Closed - Won",$G10="Closed - Lost"),$K10=""),"Closed lead needs outcome date",IF(AND(OR($G10="Closed - Won",$G10="Closed - Lost"),$L10=""),"Closed lead needs outcome",IF(AND($G10="Closed - Lost",$M10=""),"Closed-lost lead needs lost reason",IF(AND($G10<>"Closed - Won",$G10<>"Closed - Lost",OR($K10<>"",$L10<>"",$M10<>"")),"Open lead has outcome data",""))))))))))) | T10: Follow-up date has passed as of the report date.
A11: LT-0010 | B11: 46252 | C11: Fictional Auto Repair Juniper | D11: Commercial Auto | E11: Agency Website | F11: Sales Rep C | G11: Quote Requested | H11: 46270 | I11: 46285 | J11: Request Quote | N11: =IF(OR($A11="",$B11="",$B11>Lists!$B$2),"",Lists!$B$2-$B11) | O11: =IF(OR($A11="",$H11="",$H11>Lists!$B$2),"",Lists!$B$2-$H11) | P11: =IF($A11="","",IF(OR($G11="Closed - Won",$G11="Closed - Lost"),"Closed",IF(OR($I11="",$J11=""),"Missing next action",IF($I11<Lists!$B$2,"Overdue",IF($I11<=Lists!$B$2+Lists!$B$4,"Due soon","Scheduled"))))) | Q11: =IF($A11="","",IF(OR($G11="Closed - Won",$G11="Closed - Lost"),"Closed",IF($H11="","No contact recorded",IF($H11>Lists!$B$2,"Check date",IF($O11>Lists!$B$3,"Stale","Current"))))) | R11: =IF($A11="","",IF($B11="","Missing date added",IF($C11="","Missing lead name",IF($D11="","Missing product interest",IF($E11="","Missing lead source",IF($F11="","Missing owner",IF($G11="","Missing stage",IF(COUNTIF($A$2:$A$201,$A11)>1,"Duplicate Lead ID","")))))))) | S11: =IF($A11="","",IF($B11>Lists!$B$2,"Date added is after report date",IF(AND($H11<>"",$B11<>"",$H11<$B11),"Last contact is before date added",IF($H11>Lists!$B$2,"Last contact is after report date",IF(AND($I11<>"",$B11<>"",$I11<$B11),"Next action is before date added",IF(AND($K11<>"",$B11<>"",$K11<$B11),"Outcome date is before date added",IF($K11>Lists!$B$2,"Outcome date is after report date",IF(AND(OR($G11="Closed - Won",$G11="Closed - Lost"),$K11=""),"Closed lead needs outcome date",IF(AND(OR($G11="Closed - Won",$G11="Closed - Lost"),$L11=""),"Closed lead needs outcome",IF(AND($G11="Closed - Lost",$M11=""),"Closed-lost lead needs lost reason",IF(AND($G11<>"Closed - Won",$G11<>"Closed - Lost",OR($K11<>"",$L11<>"",$M11<>"")),"Open lead has outcome data",""))))))))))) | T11: Quote request activity is scheduled.
N12: =IF(OR($A12="",$B12="",$B12>Lists!$B$2),"",Lists!$B$2-$B12) | O12: =IF(OR($A12="",$H12="",$H12>Lists!$B$2),"",Lists!$B$2-$H12) | P12: =IF($A12="","",IF(OR($G12="Closed - Won",$G12="Closed - Lost"),"Closed",IF(OR($I12="",$J12=""),"Missing next action",IF($I12<Lists!$B$2,"Overdue",IF($I12<=Lists!$B$2+Lists!$B$4,"Due soon","Scheduled"))))) | Q12: =IF($A12="","",IF(OR($G12="Closed - Won",$G12="Closed - Lost"),"Closed",IF($H12="","No contact recorded",IF($H12>Lists!$B$2,"Check date",IF($O12>Lists!$B$3,"Stale","Current"))))) | R12: =IF($A12="","",IF($B12="","Missing date added",IF($C12="","Missing lead name",IF($D12="","Missing product interest",IF($E12="","Missing lead source",IF($F12="","Missing owner",IF($G12="","Missing stage",IF(COUNTIF($A$2:$A$201,$A12)>1,"Duplicate Lead ID","")))))))) | S12: =IF($A12="","",IF($B12>Lists!$B$2,"Date added is after report date",IF(AND($H12<>"",$B12<>"",$H12<$B12),"Last contact is before date added",IF($H12>Lists!$B$2,"Last contact is after report date",IF(AND($I12<>"",$B12<>"",$I12<$B12),"Next action is before date added",IF(AND($K12<>"",$B12<>"",$K12<$B12),"Outcome date is before date added",IF($K12>Lists!$B$2,"Outcome date is after report date",IF(AND(OR($G12="Closed - Won",$G12="Closed - Lost"),$K12=""),"Closed lead needs outcome date",IF(AND(OR($G12="Closed - Won",$G12="Closed - Lost"),$L12=""),"Closed lead needs outcome",IF(AND($G12="Closed - Lost",$M12=""),"Closed-lost lead needs lost reason",IF(AND($G12<>"Closed - Won",$G12<>"Closed - Lost",OR($K12<>"",$L12<>"",$M12<>"")),"Open lead has outcome data","")))))))))))
N13: =IF(OR($A13="",$B13="",$B13>Lists!$B$2),"",Lists!$B$2-$B13) | O13: =IF(OR($A13="",$H13="",$H13>Lists!$B$2),"",Lists!$B$2-$H13) | P13: =IF($A13="","",IF(OR($G13="Closed - Won",$G13="Closed - Lost"),"Closed",IF(OR($I13="",$J13=""),"Missing next action",IF($I13<Lists!$B$2,"Overdue",IF($I13<=Lists!$B$2+Lists!$B$4,"Due soon","Scheduled"))))) | Q13: =IF($A13="","",IF(OR($G13="Closed - Won",$G13="Closed - Lost"),"Closed",IF($H13="","No contact recorded",IF($H13>Lists!$B$2,"Check date",IF($O13>Lists!$B$3,"Stale","Current"))))) | R13: =IF($A13="","",IF($B13="","Missing date added",IF($C13="","Missing lead name",IF($D13="","Missing product interest",IF($E13="","Missing lead source",IF($F13="","Missing owner",IF($G13="","Missing stage",IF(COUNTIF($A$2:$A$201,$A13)>1,"Duplicate Lead ID","")))))))) | S13: =IF($A13="","",IF($B13>Lists!$B$2,"Date added is after report date",IF(AND($H13<>"",$B13<>"",$H13<$B13),"Last contact is before date added",IF($H13>Lists!$B$2,"Last contact is after report date",IF(AND($I13<>"",$B13<>"",$I13<$B13),"Next action is before date added",IF(AND($K13<>"",$B13<>"",$K13<$B13),"Outcome date is before date added",IF($K13>Lists!$B$2,"Outcome date is after report date",IF(AND(OR($G13="Closed - Won",$G13="Closed - Lost"),$K13=""),"Closed lead needs outcome date",IF(AND(OR($G13="Closed - Won",$G13="Closed - Lost"),$L13=""),"Closed lead needs outcome",IF(AND($G13="Closed - Lost",$M13=""),"Closed-lost lead needs lost reason",IF(AND($G13<>"Closed - Won",$G13<>"Closed - Lost",OR($K13<>"",$L13<>"",$M13<>"")),"Open lead has outcome data","")))))))))))
N14: =IF(OR($A14="",$B14="",$B14>Lists!$B$2),"",Lists!$B$2-$B14) | O14: =IF(OR($A14="",$H14="",$H14>Lists!$B$2),"",Lists!$B$2-$H14) | P14: =IF($A14="","",IF(OR($G14="Closed - Won",$G14="Closed - Lost"),"Closed",IF(OR($I14="",$J14=""),"Missing next action",IF($I14<Lists!$B$2,"Overdue",IF($I14<=Lists!$B$2+Lists!$B$4,"Due soon","Scheduled"))))) | Q14: =IF($A14="","",IF(OR($G14="Closed - Won",$G14="Closed - Lost"),"Closed",IF($H14="","No contact recorded",IF($H14>Lists!$B$2,"Check date",IF($O14>Lists!$B$3,"Stale","Current"))))) | R14: =IF($A14="","",IF($B14="","Missing date added",IF($C14="","Missing lead name",IF($D14="","Missing product interest",IF($E14="","Missing lead source",IF($F14="","Missing owner",IF($G14="","Missing stage",IF(COUNTIF($A$2:$A$201,$A14)>1,"Duplicate Lead ID","")))))))) | S14: =IF($A14="","",IF($B14>Lists!$B$2,"Date added is after report date",IF(AND($H14<>"",$B14<>"",$H14<$B14),"Last contact is before date added",IF($H14>Lists!$B$2,"Last contact is after report date",IF(AND($I14<>"",$B14<>"",$I14<$B14),"Next action is before date added",IF(AND($K14<>"",$B14<>"",$K14<$B14),"Outcome date is before date added",IF($K14>Lists!$B$2,"Outcome date is after report date",IF(AND(OR($G14="Closed - Won",$G14="Closed - Lost"),$K14=""),"Closed lead needs outcome date",IF(AND(OR($G14="Closed - Won",$G14="Closed - Lost"),$L14=""),"Closed lead needs outcome",IF(AND($G14="Closed - Lost",$M14=""),"Closed-lost lead needs lost reason",IF(AND($G14<>"Closed - Won",$G14<>"Closed - Lost",OR($K14<>"",$L14<>"",$M14<>"")),"Open lead has outcome data","")))))))))))
N15: =IF(OR($A15="",$B15="",$B15>Lists!$B$2),"",Lists!$B$2-$B15) | O15: =IF(OR($A15="",$H15="",$H15>Lists!$B$2),"",Lists!$B$2-$H15) | P15: =IF($A15="","",IF(OR($G15="Closed - Won",$G15="Closed - Lost"),"Closed",IF(OR($I15="",$J15=""),"Missing next action",IF($I15<Lists!$B$2,"Overdue",IF($I15<=Lists!$B$2+Lists!$B$4,"Due soon","Scheduled"))))) | Q15: =IF($A15="","",IF(OR($G15="Closed - Won",$G15="Closed - Lost"),"Closed",IF($H15="","No contact recorded",IF($H15>Lists!$B$2,"Check date",IF($O15>Lists!$B$3,"Stale","Current"))))) | R15: =IF($A15="","",IF($B15="","Missing date added",IF($C15="","Missing lead name",IF($D15="","Missing product interest",IF($E15="","Missing lead source",IF($F15="","Missing owner",IF($G15="","Missing stage",IF(COUNTIF($A$2:$A$201,$A15)>1,"Duplicate Lead ID","")))))))) | S15: =IF($A15="","",IF($B15>Lists!$B$2,"Date added is after report date",IF(AND($H15<>"",$B15<>"",$H15<$B15),"Last contact is before date added",IF($H15>Lists!$B$2,"Last contact is after report date",IF(AND($I15<>"",$B15<>"",$I15<$B15),"Next action is before date added",IF(AND($K15<>"",$B15<>"",$K15<$B15),"Outcome date is before date added",IF($K15>Lists!$B$2,"Outcome date is after report date",IF(AND(OR($G15="Closed - Won",$G15="Closed - Lost"),$K15=""),"Closed lead needs outcome date",IF(AND(OR($G15="Closed - Won",$G15="Closed - Lost"),$L15=""),"Closed lead needs outcome",IF(AND($G15="Closed - Lost",$M15=""),"Closed-lost lead needs lost reason",IF(AND($G15<>"Closed - Won",$G15<>"Closed - Lost",OR($K15<>"",$L15<>"",$M15<>"")),"Open lead has outcome data","")))))))))))
N16: =IF(OR($A16="",$B16="",$B16>Lists!$B$2),"",Lists!$B$2-$B16) | O16: =IF(OR($A16="",$H16="",$H16>Lists!$B$2),"",Lists!$B$2-$H16) | P16: =IF($A16="","",IF(OR($G16="Closed - Won",$G16="Closed - Lost"),"Closed",IF(OR($I16="",$J16=""),"Missing next action",IF($I16<Lists!$B$2,"Overdue",IF($I16<=Lists!$B$2+Lists!$B$4,"Due soon","Scheduled"))))) | Q16: =IF($A16="","",IF(OR($G16="Closed - Won",$G16="Closed - Lost"),"Closed",IF($H16="","No contact recorded",IF($H16>Lists!$B$2,"Check date",IF($O16>Lists!$B$3,"Stale","Current"))))) | R16: =IF($A16="","",IF($B16="","Missing date added",IF($C16="","Missing lead name",IF($D16="","Missing product interest",IF($E16="","Missing lead source",IF($F16="","Missing owner",IF($G16="","Missing stage",IF(COUNTIF($A$2:$A$201,$A16)>1,"Duplicate Lead ID","")))))))) | S16: =IF($A16="","",IF($B16>Lists!$B$2,"Date added is after report date",IF(AND($H16<>"",$B16<>"",$H16<$B16),"Last contact is before date added",IF($H16>Lists!$B$2,"Last contact is after report date",IF(AND($I16<>"",$B16<>"",$I16<$B16),"Next action is before date added",IF(AND($K16<>"",$B16<>"",$K16<$B16),"Outcome date is before date added",IF($K16>Lists!$B$2,"Outcome date is after report date",IF(AND(OR($G16="Closed - Won",$G16="Closed - Lost"),$K16=""),"Closed lead needs outcome date",IF(AND(OR($G16="Closed - Won",$G16="Closed - Lost"),$L16=""),"Closed lead needs outcome",IF(AND($G16="Closed - Lost",$M16=""),"Closed-lost lead needs lost reason",IF(AND($G16<>"Closed - Won",$G16<>"Closed - Lost",OR($K16<>"",$L16<>"",$M16<>"")),"Open lead has outcome data","")))))))))))
N17: =IF(OR($A17="",$B17="",$B17>Lists!$B$2),"",Lists!$B$2-$B17) | O17: =IF(OR($A17="",$H17="",$H17>Lists!$B$2),"",Lists!$B$2-$H17) | P17: =IF($A17="","",IF(OR($G17="Closed - Won",$G17="Closed - Lost"),"Closed",IF(OR($I17="",$J17=""),"Missing next action",IF($I17<Lists!$B$2,"Overdue",IF($I17<=Lists!$B$2+Lists!$B$4,"Due soon","Scheduled"))))) | Q17: =IF($A17="","",IF(OR($G17="Closed - Won",$G17="Closed - Lost"),"Closed",IF($H17="","No contact recorded",IF($H17>Lists!$B$2,"Check date",IF($O17>Lists!$B$3,"Stale","Current"))))) | R17: =IF($A17="","",IF($B17="","Missing date added",IF($C17="","Missing lead name",IF($D17="","Missing product interest",IF($E17="","Missing lead source",IF($F17="","Missing owner",IF($G17="","Missing stage",IF(COUNTIF($A$2:$A$201,$A17)>1,"Duplicate Lead ID","")))))))) | S17: =IF($A17="","",IF($B17>Lists!$B$2,"Date added is after report date",IF(AND($H17<>"",$B17<>"",$H17<$B17),"Last contact is before date added",IF($H17>Lists!$B$2,"Last contact is after report date",IF(AND($I17<>"",$B17<>"",$I17<$B17),"Next action is before date added",IF(AND($K17<>"",$B17<>"",$K17<$B17),"Outcome date is before date added",IF($K17>Lists!$B$2,"Outcome date is after report date",IF(AND(OR($G17="Closed - Won",$G17="Closed - Lost"),$K17=""),"Closed lead needs outcome date",IF(AND(OR($G17="Closed - Won",$G17="Closed - Lost"),$L17=""),"Closed lead needs outcome",IF(AND($G17="Closed - Lost",$M17=""),"Closed-lost lead needs lost reason",IF(AND($G17<>"Closed - Won",$G17<>"Closed - Lost",OR($K17<>"",$L17<>"",$M17<>"")),"Open lead has outcome data","")))))))))))
N18: =IF(OR($A18="",$B18="",$B18>Lists!$B$2),"",Lists!$B$2-$B18) | O18: =IF(OR($A18="",$H18="",$H18>Lists!$B$2),"",Lists!$B$2-$H18) | P18: =IF($A18="","",IF(OR($G18="Closed - Won",$G18="Closed - Lost"),"Closed",IF(OR($I18="",$J18=""),"Missing next action",IF($I18<Lists!$B$2,"Overdue",IF($I18<=Lists!$B$2+Lists!$B$4,"Due soon","Scheduled"))))) | Q18: =IF($A18="","",IF(OR($G18="Closed - Won",$G18="Closed - Lost"),"Closed",IF($H18="","No contact recorded",IF($H18>Lists!$B$2,"Check date",IF($O18>Lists!$B$3,"Stale","Current"))))) | R18: =IF($A18="","",IF($B18="","Missing date added",IF($C18="","Missing lead name",IF($D18="","Missing product interest",IF($E18="","Missing lead source",IF($F18="","Missing owner",IF($G18="","Missing stage",IF(COUNTIF($A$2:$A$201,$A18)>1,"Duplicate Lead ID","")))))))) | S18: =IF($A18="","",IF($B18>Lists!$B$2,"Date added is after report date",IF(AND($H18<>"",$B18<>"",$H18<$B18),"Last contact is before date added",IF($H18>Lists!$B$2,"Last contact is after report date",IF(AND($I18<>"",$B18<>"",$I18<$B18),"Next action is before date added",IF(AND($K18<>"",$B18<>"",$K18<$B18),"Outcome date is before date added",IF($K18>Lists!$B$2,"Outcome date is after report date",IF(AND(OR($G18="Closed - Won",$G18="Closed - Lost"),$K18=""),"Closed lead needs outcome date",IF(AND(OR($G18="Closed - Won",$G18="Closed - Lost"),$L18=""),"Closed lead needs outcome",IF(AND($G18="Closed - Lost",$M18=""),"Closed-lost lead needs lost reason",IF(AND($G18<>"Closed - Won",$G18<>"Closed - Lost",OR($K18<>"",$L18<>"",$M18<>"")),"Open lead has outcome data","")))))))))))
N19: =IF(OR($A19="",$B19="",$B19>Lists!$B$2),"",Lists!$B$2-$B19) | O19: =IF(OR($A19="",$H19="",$H19>Lists!$B$2),"",Lists!$B$2-$H19) | P19: =IF($A19="","",IF(OR($G19="Closed - Won",$G19="Closed - Lost"),"Closed",IF(OR($I19="",$J19=""),"Missing next action",IF($I19<Lists!$B$2,"Overdue",IF($I19<=Lists!$B$2+Lists!$B$4,"Due soon","Scheduled"))))) | Q19: =IF($A19="","",IF(OR($G19="Closed - Won",$G19="Closed - Lost"),"Closed",IF($H19="","No contact recorded",IF($H19>Lists!$B$2,"Check date",IF($O19>Lists!$B$3,"Stale","Current"))))) | R19: =IF($A19="","",IF($B19="","Missing date added",IF($C19="","Missing lead name",IF($D19="","Missing product interest",IF($E19="","Missing lead source",IF($F19="","Missing owner",IF($G19="","Missing stage",IF(COUNTIF($A$2:$A$201,$A19)>1,"Duplicate Lead ID","")))))))) | S19: =IF($A19="","",IF($B19>Lists!$B$2,"Date added is after report date",IF(AND($H19<>"",$B19<>"",$H19<$B19),"Last contact is before date added",IF($H19>Lists!$B$2,"Last contact is after report date",IF(AND($I19<>"",$B19<>"",$I19<$B19),"Next action is before date added",IF(AND($K19<>"",$B19<>"",$K19<$B19),"Outcome date is before date added",IF($K19>Lists!$B$2,"Outcome date is after report date",IF(AND(OR($G19="Closed - Won",$G19="Closed - Lost"),$K19=""),"Closed lead needs outcome date",IF(AND(OR($G19="Closed - Won",$G19="Closed - Lost"),$L19=""),"Closed lead needs outcome",IF(AND($G19="Closed - Lost",$M19=""),"Closed-lost lead needs lost reason",IF(AND($G19<>"Closed - Won",$G19<>"Closed - Lost",OR($K19<>"",$L19<>"",$M19<>"")),"Open lead has outcome data","")))))))))))
N20: =IF(OR($A20="",$B20="",$B20>Lists!$B$2),"",Lists!$B$2-$B20) | O20: =IF(OR($A20="",$H20="",$H20>Lists!$B$2),"",Lists!$B$2-$H20) | P20: =IF($A20="","",IF(OR($G20="Closed - Won",$G20="Closed - Lost"),"Closed",IF(OR($I20="",$J20=""),"Missing next action",IF($I20<Lists!$B$2,"Overdue",IF($I20<=Lists!$B$2+Lists!$B$4,"Due soon","Scheduled"))))) | Q20: =IF($A20="","",IF(OR($G20="Closed - Won",$G20="Closed - Lost"),"Closed",IF($H20="","No contact recorded",IF($H20>Lists!$B$2,"Check date",IF($O20>Lists!$B$3,"Stale","Current"))))) | R20: =IF($A20="","",IF($B20="","Missing date added",IF($C20="","Missing lead name",IF($D20="","Missing product interest",IF($E20="","Missing lead source",IF($F20="","Missing owner",IF($G20="","Missing stage",IF(COUNTIF($A$2:$A$201,$A20)>1,"Duplicate Lead ID","")))))))) | S20: =IF($A20="","",IF($B20>Lists!$B$2,"Date added is after report date",IF(AND($H20<>"",$B20<>"",$H20<$B20),"Last contact is before date added",IF($H20>Lists!$B$2,"Last contact is after report date",IF(AND($I20<>"",$B20<>"",$I20<$B20),"Next action is before date added",IF(AND($K20<>"",$B20<>"",$K20<$B20),"Outcome date is before date added",IF($K20>Lists!$B$2,"Outcome date is after report date",IF(AND(OR($G20="Closed - Won",$G20="Closed - Lost"),$K20=""),"Closed lead needs outcome date",IF(AND(OR($G20="Closed - Won",$G20="Closed - Lost"),$L20=""),"Closed lead needs outcome",IF(AND($G20="Closed - Lost",$M20=""),"Closed-lost lead needs lost reason",IF(AND($G20<>"Closed - Won",$G20<>"Closed - Lost",OR($K20<>"",$L20<>"",$M20<>"")),"Open lead has outcome data","")))))))))))
N21: =IF(OR($A21="",$B21="",$B21>Lists!$B$2),"",Lists!$B$2-$B21) | O21: =IF(OR($A21="",$H21="",$H21>Lists!$B$2),"",Lists!$B$2-$H21) | P21: =IF($A21="","",IF(OR($G21="Closed - Won",$G21="Closed - Lost"),"Closed",IF(OR($I21="",$J21=""),"Missing next action",IF($I21<Lists!$B$2,"Overdue",IF($I21<=Lists!$B$2+Lists!$B$4,"Due soon","Scheduled"))))) | Q21: =IF($A21="","",IF(OR($G21="Closed - Won",$G21="Closed - Lost"),"Closed",IF($H21="","No contact recorded",IF($H21>Lists!$B$2,"Check date",IF($O21>Lists!$B$3,"Stale","Current"))))) | R21: =IF($A21="","",IF($B21="","Missing date added",IF($C21="","Missing lead name",IF($D21="","Missing product interest",IF($E21="","Missing lead source",IF($F21="","Missing owner",IF($G21="","Missing stage",IF(COUNTIF($A$2:$A$201,$A21)>1,"Duplicate Lead ID","")))))))) | S21: =IF($A21="","",IF($B21>Lists!$B$2,"Date added is after report date",IF(AND($H21<>"",$B21<>"",$H21<$B21),"Last contact is before date added",IF($H21>Lists!$B$2,"Last contact is after report date",IF(AND($I21<>"",$B21<>"",$I21<$B21),"Next action is before date added",IF(AND($K21<>"",$B21<>"",$K21<$B21),"Outcome date is before date added",IF($K21>Lists!$B$2,"Outcome date is after report date",IF(AND(OR($G21="Closed - Won",$G21="Closed - Lost"),$K21=""),"Closed lead needs outcome date",IF(AND(OR($G21="Closed - Won",$G21="Closed - Lost"),$L21=""),"Closed lead needs outcome",IF(AND($G21="Closed - Lost",$M21=""),"Closed-lost lead needs lost reason",IF(AND($G21<>"Closed - Won",$G21<>"Closed - Lost",OR($K21<>"",$L21<>"",$M21<>"")),"Open lead has outcome data","")))))))))))
N22: =IF(OR($A22="",$B22="",$B22>Lists!$B$2),"",Lists!$B$2-$B22) | O22: =IF(OR($A22="",$H22="",$H22>Lists!$B$2),"",Lists!$B$2-$H22) | P22: =IF($A22="","",IF(OR($G22="Closed - Won",$G22="Closed - Lost"),"Closed",IF(OR($I22="",$J22=""),"Missing next action",IF($I22<Lists!$B$2,"Overdue",IF($I22<=Lists!$B$2+Lists!$B$4,"Due soon","Scheduled"))))) | Q22: =IF($A22="","",IF(OR($G22="Closed - Won",$G22="Closed - Lost"),"Closed",IF($H22="","No contact recorded",IF($H22>Lists!$B$2,"Check date",IF($O22>Lists!$B$3,"Stale","Current"))))) | R22: =IF($A22="","",IF($B22="","Missing date added",IF($C22="","Missing lead name",IF($D22="","Missing product interest",IF($E22="","Missing lead source",IF($F22="","Missing owner",IF($G22="","Missing stage",IF(COUNTIF($A$2:$A$201,$A22)>1,"Duplicate Lead ID","")))))))) | S22: =IF($A22="","",IF($B22>Lists!$B$2,"Date added is after report date",IF(AND($H22<>"",$B22<>"",$H22<$B22),"Last contact is before date added",IF($H22>Lists!$B$2,"Last contact is after report date",IF(AND($I22<>"",$B22<>"",$I22<$B22),"Next action is before date added",IF(AND($K22<>"",$B22<>"",$K22<$B22),"Outcome date is before date added",IF($K22>Lists!$B$2,"Outcome date is after report date",IF(AND(OR($G22="Closed - Won",$G22="Closed - Lost"),$K22=""),"Closed lead needs outcome date",IF(AND(OR($G22="Closed - Won",$G22="Closed - Lost"),$L22=""),"Closed lead needs outcome",IF(AND($G22="Closed - Lost",$M22=""),"Closed-lost lead needs lost reason",IF(AND($G22<>"Closed - Won",$G22<>"Closed - Lost",OR($K22<>"",$L22<>"",$M22<>"")),"Open lead has outcome data","")))))))))))
N23: =IF(OR($A23="",$B23="",$B23>Lists!$B$2),"",Lists!$B$2-$B23) | O23: =IF(OR($A23="",$H23="",$H23>Lists!$B$2),"",Lists!$B$2-$H23) | P23: =IF($A23="","",IF(OR($G23="Closed - Won",$G23="Closed - Lost"),"Closed",IF(OR($I23="",$J23=""),"Missing next action",IF($I23<Lists!$B$2,"Overdue",IF($I23<=Lists!$B$2+Lists!$B$4,"Due soon","Scheduled"))))) | Q23: =IF($A23="","",IF(OR($G23="Closed - Won",$G23="Closed - Lost"),"Closed",IF($H23="","No contact recorded",IF($H23>Lists!$B$2,"Check date",IF($O23>Lists!$B$3,"Stale","Current"))))) | R23: =IF($A23="","",IF($B23="","Missing date added",IF($C23="","Missing lead name",IF($D23="","Missing product interest",IF($E23="","Missing lead source",IF($F23="","Missing owner",IF($G23="","Missing stage",IF(COUNTIF($A$2:$A$201,$A23)>1,"Duplicate Lead ID","")))))))) | S23: =IF($A23="","",IF($B23>Lists!$B$2,"Date added is after report date",IF(AND($H23<>"",$B23<>"",$H23<$B23),"Last contact is before date added",IF($H23>Lists!$B$2,"Last contact is after report date",IF(AND($I23<>"",$B23<>"",$I23<$B23),"Next action is before date added",IF(AND($K23<>"",$B23<>"",$K23<$B23),"Outcome date is before date added",IF($K23>Lists!$B$2,"Outcome date is after report date",IF(AND(OR($G23="Closed - Won",$G23="Closed - Lost"),$K23=""),"Closed lead needs outcome date",IF(AND(OR($G23="Closed - Won",$G23="Closed - Lost"),$L23=""),"Closed lead needs outcome",IF(AND($G23="Closed - Lost",$M23=""),"Closed-lost lead needs lost reason",IF(AND($G23<>"Closed - Won",$G23<>"Closed - Lost",OR($K23<>"",$L23<>"",$M23<>"")),"Open lead has outcome data","")))))))))))
... N201: =IF(OR($A201="",$B201="",$B201>Lists!$B$2),"",Lists!$B$2-$B201) | O201: =IF(OR($A201="",$H201="",$H201>Lists!$B$2),"",Lists!$B$2-$H201) | P201: =IF($A201="","",IF(OR($G201="Closed - Won",$G201="Closed - Lost"),"Closed",IF(OR($I201="",$J201=""),"Missing next action",IF($I201<Lists!$B$2,"Overdue",IF($I201<=Lists!$B$2+Lists!$B$4,"Due soon","Scheduled"))))) | Q201: =IF($A201="","",IF(OR($G201="Closed - Won",$G201="Closed - Lost"),"Closed",IF($H201="","No contact recorded",IF($H201>Lists!$B$2,"Check date",IF($O201>Lists!$B$3,"Stale","Current"))))) | R201: =IF($A201="","",IF($B201="","Missing date added",IF($C201="","Missing lead name",IF($D201="","Missing product interest",IF($E201="","Missing lead source",IF($F201="","Missing owner",IF($G201="","Missing stage",IF(COUNTIF($A$2:$A$201,$A201)>1,"Duplicate Lead ID","")))))))) | S201: =IF($A201="","",IF($B201>Lists!$B$2,"Date added is after report date",IF(AND($H201<>"",$B201<>"",$H201<$B201),"Last contact is before date added",IF($H201>Lists!$B$2,"Last contact is after report date",IF(AND($I201<>"",$B201<>"",$I201<$B201),"Next action is before date added",IF(AND($K201<>"",$B201<>"",$K201<$B201),"Outcome date is before date added",IF($K201>Lists!$B$2,"Outcome date is after report date",IF(AND(OR($G201="Closed - Won",$G201="Closed - Lost"),$K201=""),"Closed lead needs outcome date",IF(AND(OR($G201="Closed - Won",$G201="Closed - Lost"),$L201=""),"Closed lead needs outcome",IF(AND($G201="Closed - Lost",$M201=""),"Closed-lost lead needs lost reason",IF(AND($G201<>"Closed - Won",$G201<>"Closed - Lost",OR($K201<>"",$L201<>"",$M201<>"")),"Open lead has outcome data","")))))))))))

Sheet Lists
A1: Operating Assumption | B1: Value | C1: Use | E1: Product Interest | F1: Lead Source | G1: Owner | H1: Stage | I1: Next Action | J1: Outcome | K1: Lost Reason
A2: Report Date | B2: 46274 | C2: Date used by all aging and follow-up formulas | E2: Personal Auto | F2: Agency Website | G2: Sales Rep A | H2: New | I2: Initial Call | J2: Policy Placed | K2: Price
A3: Stale Contact Days | B3: 14 | C3: Contact becomes stale when elapsed days exceed this value | E3: Homeowners | F3: Referral | G3: Sales Rep B | H3: Contacted | I3: Follow-up Call | J3: Not Placed | K3: Timing
A4: Due Soon Days | B4: 3 | C4: Includes next actions through this many future days | E4: Renters | F4: Inbound Call | G4: Sales Rep C | H4: Qualified | I4: Collect Information | J4: Lead Withdrew | K4: No Response
E5: Umbrella | F5: Social Media | G5: Unassigned | H5: Quote Requested | I5: Request Quote | J5: No Response | K5: Eligibility
A6: Product interest and outcome fields are administrative records only. | E6: Business Owners Policy | F6: Community Event | H6: Closed - Won | I6: Review Quote | J6: Duplicate | K6: Chose Another Agency
A7: Owner values are fictional role labels, not employee records. | E7: Commercial General Liability | F7: Partner Referral | H7: Closed - Lost | I7: Confirm Decision | J7: Referred Elsewhere | K7: Duplicate
E8: Commercial Auto | F8: Other | I8: Close Record | J8: Other | K8: Other
E9: Workers' Compensation | I9: Other
E10: Life
E11: Other
